AoeStats
← Ctrik

Arabia

503192012Analyzed
1v1 RM · 11d ago on Aug 30, 2026· 46m 6s· 2 players
Game mode
Random Map
Map size
Tiny (2 player)
Population
200
Speed
Normal
Resources
Standard
Victory
Conquest
Starting age
Dark Age
Ending age
Imperial Age
RankedLock teamsTeams togetherTeam positionsShared explorationLock speedFull tech treeHidden civsTurbo modeCheats
Victory
Defeat
🇫🇮 Poles · Finland
1089
+17
🇨🇴 Lithuanians · Colombia
1107
-17
Ctrik
7:09 Loom
9:47 Feudal Age
10:23 Double-Bit Axe
10:21 Horse Collar
20:10 Castle Age
18:50 Stone Mining
20:42 Scale Barding Armor
21:42 Forging
23:26 Husbandry
25:02 Fletching
25:14 Padded Archer Armor
25:00 Elite Skirmisher
31:12 Chain Barding Armor
31:05 Bloodlines
32:25 Gold Mining
32:50 Bow Saw
32:42 Heavy Plow
36:03 Imperial Age
36:28 Cavalier
37:49 Iron Casting
40:20 Stone Shaft Mining
40:59 Ballistics
47:09 Wheelbarrow
Caosp(A)nk
9:39 Feudal Age
10:29 Loom
20:03 Castle Age
18:15 Double-Bit Axe
18:22 Horse Collar
19:03 Gold Mining
19:53 Scale Barding Armor
20:42 Forging
21:36 Husbandry
22:55 Wheelbarrow
22:34 Fletching
23:25 Bloodlines
23:53 Bodkin Arrow
24:59 Chain Barding Armor
27:35 Town Watch
27:20 Light Cavalry
29:03 Padded Archer Armor
31:15 Thumb Ring
31:50 Hand Cart
31:28 Stone Mining
33:14 Town Patrol
35:59 Iron Casting
40:58 Imperial Age
40:01 Bow Saw
39:52 Heavy Plow
40:55 Stone Shaft Mining
41:50 Leather Archer Armor
42:29 Ballistics
43:10 Chemistry
42:12 Bracer
Connection lost

Rejoining the realm…

Still unreachable

The connection could not be restored.

Session expired

The server has moved on; the page needs a fresh start.